 Dungeon Crawl Stone Soup version 0.18.1-48-g4cf74bf (webtiles) character file.

136 Gadfly the Ruffian (level 5, -8/46 HPs)
             Began as a Ghoul Monk on June 30, 2016.
             Mangled by an orc
             ... wielding a +0 flail
              (11 damage)
             ... on level 3 of the Dungeon.
             The game lasted 00:08:07 (1672 turns).

Gadfly the Ruffian (Ghoul Monk)                     Turns: 1672, Time: 00:08:10

Health: -8/46      AC:  2    Str: 15    XL:     5   Next: 19%
Magic:  4/4        EV: 13    Int:  5    God:
Gold:   85         SH:  0    Dex: 12    Spells: 0 memorised, 4 levels left

rFire  . . .     SeeInvis .       - Unarmed
rCold  + . .     Gourm    .     a - +0 robe
rNeg   + + +     Faith    .     (no shield)
rPois  ∞         Spirit   .     (no helmet)
rElec  .         Dismiss  .     (no cloak)
rCorr  .         Reflect  .     (no gloves)
SustAt .         Harm     .     (no boots)
MR     .....                    f - amulet of regeneration
Stlth  ++........               (no ring)
                                (no ring)

@: rotting, not resistant to hostile enchantments, unstealthy
A: rotting body, claws 1, carnivore 3, cold resistance 1, negative energy
resistance 3, slow regeneration 1, torment resistance, unbreathing
a: no special abilities


You were on level 3 of the Dungeon.
You were not hungry.

You visited 1 branch of the dungeon, and saw 3 of its levels.

You collected 85 gold pieces.

Inventory:

Missiles
 i - 27 stones (quivered)
Armour
 a - a +0 robe (worn)
Jewellery
 f - an amulet of regeneration (around neck)
Scrolls
 d - a scroll of teleportation
 e - a scroll of identify
Potions
 h - a potion of resistance
 j - a potion of curing
 k - a potion of flight {unknown}
Books
 g - a book of Battle

   Spells                             Type                      Level
   a - Infusion                       Charms                       1
   b - Shroud of Golubria             Charms/Translocation         2
   c - Song of Slaying                Charms                       2
   d - Spectral Weapon                Hexes/Charms                 3
   e - Regeneration                   Charms/Necromancy            3
Comestibles
 b - 5 meat rations
 m - 8 chunks of flesh
 n - a beef jerky


   Skills:
 + Level 4.0 Fighting
 * Level 0.8 Throwing
 + Level 3.5 Dodging
 + Level 2.7 Stealth
 + Level 5.4 Unarmed Combat


You had 4 spell levels left.
You didn't know any spells.

Dungeon Overview and Level Annotations

Branches:
Dungeon (3/15)

Altars:
Cheibriados


Innate Abilities, Weirdness & Mutations

Your body is rotting away.
You thrive on raw meat.
You are immune to poison.
You have sharp fingernails.
You are carnivorous and can eat meat at any time.
Your flesh is cold resistant.
You are immune to negative energy.
You regenerate slowly when monsters are visible.
You are immune to unholy pain and torment.
You can survive without breathing.


Message History

The orc closely misses you.
You scratch the orc priest but do no damage.
The orc priest is severely wounded.
The orc barely misses you. The orc priest closely misses you.
The orc hits you with a short sword.
* * * LOW HITPOINT WARNING * * *
The orc closely misses you.
The orc priest calls down the wrath of Beogh upon you.
You are unaffected.
You claw the orc priest!
You kill the orc priest!
Your Fighting skill increases to level 4!
You have reached level 5!
You feel stronger. The orc barely misses you. The orc hits you with a falchion.
* * * LOW HITPOINT WARNING * * *
The orc hits you with a morningstar.
* * * LOW HITPOINT WARNING * * *
The orc hits you with a flail!
You die...

#.# #
##############.##s.
##.....##.....#.##.#
##..................#
#...oo...............
#..)@............# #.
#.o)oo...........###.
#.................##.
#................÷...
#...!................
##...<..?)......#%###
##.....##.....#..###
###########.##.....
...#|.####


You could see an orc priest and 4 orcs.

Vanquished Creatures
  An orc priest (D:3)
  Ijyb (D:2)
  2 adders
  3 worms (D:2)
  3 dart slugs (D:1)
  2 giant geckos
  2 orcs (D:3)
  10 bats
  3 giant cockroaches
  4 hobgoblins
  2 jackals (D:2)
  3 kobolds
  4 giant newts
  3 goblins
  3 rats
46 creatures vanquished.

Notes
Turn   | Place    | Note
--------------------------------------------------------------
     0 | D:1      | Gadfly the Ghoul Monk began the quest for the Orb.
     0 | D:1      | Reached XP level 1. HP: 19/19 MP: 0/0
   217 | D:1      | Reached XP level 2. HP: 18/26 MP: 1/1
   266 | D:1      | HP: 1/26 [dart slug (2)]
   790 | D:1      | Reached XP level 3. HP: 29/31 MP: 2/2
   965 | D:2      | Noticed Ijyb
   972 | D:2      | Reached skill level 5 in Unarmed Combat
  1006 | D:2      | Killed Ijyb
  1104 | D:2      | Reached XP level 4. HP: 32/39 MP: 3/3
  1161 | D:2      | Found a snail-covered altar of Cheibriados.
  1672 | D:3      | Reached XP level 5. HP: 12/46 MP: 4/4
  1672 | D:3      | Mangled by an orc

Skill      XL: |  1  2  3  4 |
---------------+-------------+-----
Dodging        | 3 |  3.5
Unarmed Combat | 5 |  5.4
Fighting       | 4 |  4.0
Throwing       | |  0.8
Stealth        | |  2.7

Action                   |  1- 3 |  4- 6 || total
-------------------------+-------+-------++-------
Melee: Unarmed           |    67 |    62 ||   129
       Punch             |       |     1 ||     1
Throw: Stone             |    10 |     4 ||    14
  Use: Scroll            |       |     9 ||     9
       Potion            |       |     3 ||     3
 Stab: Sleeping          |       |     1 ||     1
  Eat: Chunk             |    10 |     2 ||    12
Armor: Robe              |    13 |     8 ||    21
Dodge: Dodged            |    48 |    35 ||    83
